Map: Moonlight Madness LE (Void)

Players

Conqueror - Winner!

  • Race: Zerg Zerg
  • League: Platinum

Retosi - Winner!

  • Race: Zerg Zerg
  • League: Gold

MoonLjth

  • Race: Protoss Protoss
  • League: Platinum

iQuitBYE

  • Race: Protoss Protoss
  • League: Grandmaster

VOD

Have the link to the VOD?

Description

Time

  • Played on: Oct. 2, 2015, 2:54 p.m.
  • Length: 9:59
Show
View Real Time Build Order
Export as new Build Order

Conqueror Zerg - Winner!

Build Orders: Hatch First 

Get SALT Encoding   

  12  0:01  Drone  
  13  0:15  Overlord  
  13  0:19  Drone  
  14  0:33  Drone x2  
  16  0:37  Drone  
  17  0:48  Drone  
  18  0:59  Hatchery  
  18  1:01  Drone  
  18  1:13  Spawning Pool  
  18  1:16  Drone  
  18  1:20  Drone  
  19  1:31  Drone  
  20  1:46  Drone  
  21  1:47  Hatchery  
  21  1:49  Extractor  
  19  1:57  Overlord  
  19  2:00  Queen  
  21  2:06  Drone  
  22  2:14  Zergling x4  
  24  2:19  Queen  
  26  2:28  Drone  
  27  2:30  Drone  
  28  2:39  Roach Warren  
  28  2:43  Drone  
  28  2:50  Drone  
  28  2:51  Drone  
  30  2:53  Overlord  
  30  3:12  Drone  
  31  3:16  Queen x2  
  31  3:19  Roach  
  37  3:21  Roach  
  37  3:25  Roach  
  41  3:29  Roach  
  41  3:31  Drone  
  45  3:34  Drone  
  45  3:37  Drone  
  45  3:46  Drone x2  
  45  3:47  Overlord  
  47  3:53  Ravager x2  
  49  3:56  Drone  
  49  4:00  Overlord  
  50  4:05  Roach  
  50  4:07  Drone x3  
  50  4:08  Drone  
  56  4:12  Drone x2  
  58  4:23  Drone x2  
  58  4:24  Roach x2  
  64  4:26  Roach  
  64  4:31  Overlord  
  66  4:33  Overlord  
  66  4:35  Overlord  
  66  4:41  Extractor  
  66  4:42  Extractor  
  68  4:52  Roach  
  68  4:53  Drone x3, Roach  
  68  4:54  Drone x4  
  68  4:55  Drone  
  76  5:09  Queen  
  76  5:10  Drone  
  76  5:11  Drone x2  
  76  5:13  Drone x2  
  82  5:19  Lair, Extractor  
  80  5:21  Roach x2  
  80  5:22  Drone  
  80  5:23  Drone  
  80  5:25  Drone  
  80  5:26  Drone  
  80  5:28  Drone  
  87  5:29  Drone  
  87  5:30  Ravager  
  87  5:31  Drone  
  90  5:36  Overlord  
  90  5:37  Overlord  
  89  5:43  Overlord  
  89  5:44  Ravager  
  90  5:55  Roach x4  
  90  5:56  Roach, Zergling x6  
  90  5:57  Zergling x2  
  104  5:58  Roach  
  106  6:05  Roach  
  106  6:06  Roach  
  106  6:19  Hydralisk Den  
  106  6:20  Roach x2  
  106  6:21  Zergling x8  
  109  6:33  Roach x2  
  109  6:34  Drone, Overlord x2  
  109  6:35  Overlord x2  
  114  6:44  Roach  
  113  6:50  Hydralisk  
  113  6:51  Hydralisk  
  113  6:52  Hydralisk  
  114  6:55  Zergling x6  
  107  7:04  Drone x2  
  107  7:05  Overlord x2  
  107  7:07  Hydralisk x2  
  107  7:08  Roach  
  106  7:19  Drone x2  
  106  7:20  Drone x5  
  106  7:21  Drone  
  106  7:22  Extractor  
  113  7:24  Extractor  
  112  7:30  Hydralisk x2  
  112  7:31  Roach  
  112  7:36  Ravager  
  119  7:37  Hatchery, Ravager  
  119  7:39  Drone x2  
  119  7:40  Extractor x2  
  119  7:41  Drone x2  
  119  7:42  Drone  
  122  7:50  Hydralisk x2  
  122  7:51  Roach  
  122  8:03  Evolution Chamber x2, Drone x2  
  122  8:05  Muscular Augments  
  118  8:08  Glial Reconstitution  
  118  8:10  Drone x3  
  118  8:12  Roach x2  
  121  8:17  Drone x4  
  121  8:18  Drone  
  125  8:25  Hydralisk  
  125  8:26  Hydralisk x2, Roach x3  
  137  8:27  Roach  
  137  8:30  Hydralisk  
  137  8:32  Drone x3  
  137  8:33  Drone  
  145  8:42  Hydralisk  
  145  8:43  Roach  
  149  8:54  Drone x3, Hydralisk x3  
  149  8:55  Roach x2  
  162  9:02  Hydralisk  
  160  9:03  Roach  
  160  9:04  Drone x3  
  160  9:05  Drone  
  160  9:06  Drone  
  160  9:09  Overlord x2  
  167  9:21  Drone  
  168  9:24  Hydralisk  
  168  9:26  Roach  
  168  9:27  Hydralisk  
  168  9:28  Roach x2  
  173  9:32  Hydralisk x2  
  173  9:33  Hydralisk, Roach x2  
  173  9:38  Overlord x3, Ravager  
  184  9:46  Infestation Pit  
Show
View Real Time Build Order
Export as new Build Order

Retosi Zerg - Winner!

Build Orders:  

Get SALT Encoding   

  12  0:01  Probe (Chrono Boost)  
  14  0:17  Pylon  
  14  0:19  Probe (Chrono Boost)  
  14  0:30  Probe (Chrono Boost)  
  15  0:36  Gateway  
  15  0:41  Probe (Chrono Boost)  
  16  0:46  Assimilator  
  16  0:51  Probe (Chrono Boost)  
  16  0:54  Assimilator  
  17  1:02  Probe (Chrono Boost)  
  18  1:04  Pylon  
  18  1:12  Probe (Chrono Boost)  
  19  1:23  Cybernetics Core  
  19  1:25  Probe (Chrono Boost)  
  20  1:36  Probe (Chrono Boost)  
  21  1:56  Nexus  
  21  1:59  Probe (Chrono Boost)  
  22  2:02  Adept  
  22  2:08  Warp Gate  
  24  2:13  Probe (Chrono Boost)  
  25  2:25  Robotics Facility  
  25  2:29  Probe (Chrono Boost)  
  26  2:40  Mothership Core (Chrono Boost)  
  28  2:46  Pylon  
  28  2:58  Probe (Chrono Boost)  
  29  3:09  Probe (Chrono Boost)  
  29  3:10  Sentry  
  32  3:13  Probe (Chrono Boost), Immortal  
  32  3:19  Probe (Chrono Boost)  
  39  3:27  Probe (Chrono Boost)  
  39  3:30  Probe (Chrono Boost)  
  40  3:37  Probe (Chrono Boost)  
  42  3:41  Probe (Chrono Boost)  
  42  3:47  Immortal  
  42  3:48  Probe (Chrono Boost)  
  43  3:53  Probe (Chrono Boost)  
  48  4:04  Probe (Chrono Boost)  
  48  4:05  Pylon  
  48  4:07  Pylon  
  49  4:10  Gateway  
  49  4:12  Probe (Chrono Boost)  
  49  4:14  Probe (Chrono Boost)  
  51  4:21  Gateway  
  51  4:26  Adept  
  51  4:27  Probe (Chrono Boost)  
  51  4:28  Probe (Chrono Boost)  
  51  4:30  Assimilator  
  55  4:32  Warp Prism  
  57  4:43  Probe (Chrono Boost)  
  58  4:47  Probe (Chrono Boost), Assimilator  
  58  4:49  Gateway  
  59  4:57  Stalker  
  62  5:00  Probe (Chrono Boost)  
  62  5:01  Probe (Chrono Boost), Pylon  
  63  5:12  Probe x2 (Chrono Boost)  
  65  5:22  Gateway  
  65  5:23  Probe (Chrono Boost)  
  65  5:24  Probe (Chrono Boost)  
  65  5:26  Sentry x2, Gateway  
  71  5:29  Pylon  
  72  5:36  Probe (Chrono Boost)  
  72  5:39  Stalker  
  72  5:42  Probe (Chrono Boost)  
  75  5:50  Stalker  
  75  5:51  Stalker  
  79  6:04  Stalker x2  
  81  6:11  Probe (Chrono Boost)  
  80  6:19  Stalker x2  
  80  6:24  Probe (Chrono Boost)  
  80  6:25  Probe (Chrono Boost)  
  84  6:33  Stalker  
  86  6:50  Warp Prism  
  86  6:52  Nexus  
  74  7:03  Stalker  
  74  7:04  Stalker x3  
  74  7:05  Stalker x2  
  81  7:09  Probe (Chrono Boost)  
  71  7:16  Probe (Chrono Boost)  
  71  7:19  Twilight Council  
  71  7:22  Pylon  
  70  7:23  Pylon  
  70  7:24  Pylon  
  70  7:26  Pylon  
  70  7:27  Mothership Core (Chrono Boost)  
  70  7:28  Immortal  
  70  7:29  Sentry  
  74  7:30  Sentry x4  
  86  7:37  Robotics Facility  
  86  7:42  Adept, Robotics Bay  
  88  7:45  Forge  
  89  7:52  Probe (Chrono Boost)  
  89  7:56  Stalker x2  
  78  7:59  Stalker  
  74  8:06  Adept  
  74  8:07  Adept x2  
  70  8:21  Adept  
  70  8:22  Adept  
  70  8:23  Adept  
  76  8:34  Stalker x3  
  79  8:42  Adept  
  79  8:48  Adept  
  70  9:06  Adept x2  
  72  9:12  Probe (Chrono Boost)  
  77  9:48  Probe (Chrono Boost)  
Show
View Real Time Build Order
Export as new Build Order

MoonLjth Protoss 

Build Orders:  

Get SALT Encoding   

Show
View Real Time Build Order
Export as new Build Order

iQuitBYE Protoss 

Build Orders:  

Get SALT Encoding   

Tags
 
Add a new tag
Caveats
  • Supply blocks, unpowered buildings, or Contaminate may cause inaccurate times.
  • Supply counts are checked every 10 seconds.